 Dungeon Crawl Stone Soup version 0.18.1-48-g4cf74bf (webtiles) character file.

6155 nikopol the Fighter (level 10, -2/93 HPs)
             Began as a Minotaur Berserker on Aug 13, 2016.
             Was a High Priest of Trog.
             Slain by a troll (4 damage)
             ... on level 10 of the Dungeon on Aug 14, 2016.
             The game lasted 00:23:32 (9807 turns).

nikopol the Fighter (Minotaur Berserker)            Turns: 9807, Time: 00:23:33

Health: -2/93      AC: 12    Str: 27    XL:     10   Next: 59%
Magic:  9/9        EV: 13    Int:  4    God:    Trog [*****.]
Gold:   439        SH:  0    Dex: 13    Spells: 0 memorised, 9 levels left

rFire  + . .     SeeInvis .     a - +3 halberd of Bodily Harmony {chop, rF+ Str+5}
rCold  . . .     Gourm    .     f - +0 chain mail
rNeg   + . .     Faith    .     (shield currently unavailable)
rPois  .         Spirit   .     (helmet restricted)
rElec  .         Dismiss  +     C - +0 cloak
rCorr  .         Reflect  .     (no gloves)
SustAt .         Harm     .     (no boots)
MR     .....                    w - amulet of dismissal
Stlth  ..........               (no ring)
                                v - ring of positive energy

@: exhausted, slowed, very slow, not resistant to hostile enchantments,
extremely unstealthy
A: retaliatory headbutt, horns 2
a: Berserk, Trog's Hand, Brothers in Arms, Burn Spellbooks, Renounce Religion


You were on level 10 of the Dungeon.
You worshipped Trog.
Trog was extremely pleased with you.
You were very hungry.

You visited 1 branch of the dungeon, and saw 10 of its levels.

You collected 439 gold pieces.

Inventory:

Hand Weapons
 a - the +3 halberd of Bodily Harmony (weapon) {chop, rF+ Str+5}
   (You found it on level 8 of the Dungeon)

   It inflicts extra damage upon your enemies.
   It affects your strength (+5).
   It protects you from fire.
 z - a +0 shortbow
 L - a +0 war axe
 N - a +0 hand axe
Missiles
 i - 135 arrows (quivered)
Armour
 b - a +0 animal skin
 f - a +0 chain mail (worn)
 C - a +0 cloak (worn)
Jewellery
 n - a cursed amulet of inaccuracy
 v - a ring of positive energy (left hand)
 w - an amulet of dismissal (around neck)
 E - an uncursed amulet of rage
Wands
 y - a wand of slowing (26/48)
 B - a wand of acid (10/15)
 I - a wand of slowing (25/48)
 M - a wand of flame (16/48)
 P - a wand of digging (1/24)
 T - a wand of lightning (9/15)
Scrolls
 h - 2 scrolls of blinking
 j - 2 scrolls of immolation
 k - 3 scrolls of remove curse
 m - 6 scrolls of teleportation
 x - 2 scrolls of magic mapping {unknown}
 G - a scroll of random uselessness {unknown}
 H - a scroll of torment {unknown}
 O - 3 scrolls of enchant armour {unknown}
 Q - a scroll of vulnerability {unknown}
Potions
 e - a potion of might
 g - 2 potions of agility
 l - a potion of cancellation {unknown}
 o - 4 potions of heal wounds
 p - a potion of ambrosia {unknown}
 s - 2 potions of resistance
 t - a potion of magic {unknown}
 u - a potion of invisibility {unknown}
 D - 3 potions of mutation
 F - a potion of cure mutation {unknown}
 K - 2 potions of curing
 R - a potion of haste {unknown}
 U - a potion of degeneration {unknown}
Comestibles
 c - 9 bread rations
 q - 3 meat rations
 r - 6 beef jerkies
 A - a slice of pizza
 J - 6 fruits
 S - 5 chunks of flesh


   Skills:
 + Level 9.8 Fighting
 - Level 8.3(9.5) Axes
 * Level 7.4(9.2) Polearms
 * Level 0.0 Bows
 + Level 9.7 Armour
 + Level 8.6 Dodging
 - Level 2.0 Unarmed Combat


You had 9 spell levels left.
You didn't know any spells.

Dungeon Overview and Level Annotations

Branches:
Dungeon (10/15)            Temple (0/1) D:4
   Lair: D:8-11         Orc: D:9-12

Altars:
Ashenzari
Cheibriados
Elyvilon
Gozag
Kikubaaqudgha
Pakellas
Xom


Innate Abilities, Weirdness & Mutations

You reflexively headbutt those who attack you in melee.
You have a pair of horns on your head.


Message History

You start resting.
You feel a strong urge to attack something.
You are too berserk!
You are no longer berserk.
You are exhausted.
You feel yourself slow down.
You are feeling very hungry.
You fail to use your ability.
The troll closely misses you. You furiously retaliate!
You headbutt the troll! The troll barely misses you.
The troll claws you but does no damage. The wolf bites you.
* * * LOW HITPOINT WARNING * * *
You are too injured to fight recklessly!
You puncture the troll! You headbutt the troll!
The troll is severely wounded.
The wolf closely misses you. The troll barely misses you.
You furiously retaliate!
You headbutt the troll, but do no damage.
The troll barely misses you. The troll claws you.
You die...

##################
#..........T@h...#
#.......########..#
#.......# .
#......D# ...
#.......###....≈
#..............≈
#............≈≈≈
#............$.≈
##.......l...≈≈.


You could see a troll and a wolf.

Vanquished Creatures
  A hydra (D:10)
  Erica (D:8)
  Erolcha (D:8)
  The ghost of nikopol the Skirmisher, a novice MiBe of Trog (D:4)
  A troll (D:9)
  Prince Ribbit (D:8)
  A spriggan (D:7)
  2 wyverns (D:9)
  A water moccasin (D:8)
  An orc warrior (D:6)
  2 eyes of draining
  An ice beast (D:8)
  A phantom (D:9)
  A sky beast (D:8)
  A wolf (D:10)
  An ogre (D:6)
  A centaur (D:10)
  A big kobold (D:9)
  4 giant frogs
  4 scorpions
  6 killer bees (D:7)
  3 howler monkeys
  A quasit (D:9)
  2 crimson imps
  6 orc priests
  A giant frog zombie (D:9)
  6 hounds
  A giant frog skeleton (D:5)
  4 centaur skeletons
  2 iguanas (D:7)
  Terence (D:2)
  3 worker ants
  Ijyb (D:2)
  5 orc wizards
  A killer bee zombie (D:5)
  A hound skeleton (D:7)
  14 adders
  2 gnolls (D:1)
  2 howler monkey skeletons
  2 shadow imps
  2 oozes
  An adder skeleton (D:5)
  A worm (D:3)
  2 dart slugs (D:2)
  6 giant geckos
  29 orcs
  8 giant cockroaches
  9 goblins
  10 hobgoblins
  9 jackals
  5 quokkas
  3 ball pythons
  10 bats
  3 giant newts
  5 kobolds
  2 quokka skeletons
  4 rats
201 creatures vanquished.

Notes
Turn   | Place    | Note
--------------------------------------------------------------
     0 | D:1      | nikopol the Minotaur Berserker began the quest for the Orb.
     0 | D:1      | Reached XP level 1. HP: 19/19 MP: 0/0
   396 | D:1      | Reached XP level 2. HP: 21/27 MP: 1/1
   619 | D:1      | Reached XP level 3. HP: 19/33 MP: 2/2
   857 | D:2      | Reached ** piety under Trog
   865 | D:2      | Noticed Terence
   871 | D:2      | Killed Terence
   871 | D:2      | Reached XP level 4. HP: 40/40 MP: 3/3
  1057 | D:2      | Found a snail-covered altar of Cheibriados.
  1076 | D:2      | Noticed Ijyb
  1085 | D:2      | Killed Ijyb
  1131 | D:2      | Reached XP level 5. HP: 36/47 MP: 4/4
  1501 | D:3      | Reached *** piety under Trog
  1589 | D:3      | Reached skill level 5 in Fighting
  1802 | D:3      | Reached skill level 5 in Axes
  2119 | D:3      | Found a white marble altar of Elyvilon.
  2155 | D:4      | Noticed nikopol's ghost (novice MiBe)
  2170 | D:4      | Killed nikopol's ghost
  2170 | D:4      | Reached skill level 5 in Armour
  2170 | D:4      | Reached XP level 6. HP: 57/57 MP: 5/5
  2170 | D:4      | Reached XP level 7. HP: 62/62 MP: 6/6
  2392 | D:4      | Found a staircase to the Ecumenical Temple.
  3252 | D:4      | Reached **** piety under Trog
  3927 | D:5      | Entered Level 5 of the Dungeon
  3936 | D:5      | Reached skill level 5 in Dodging
  4305 | D:5      | Reached XP level 8. HP: 68/71 MP: 7/7
  6553 | D:7      | Found a shattered altar of Ashenzari.
  6812 | D:7      | Found an opulent altar of Gozag.
  6813 | D:7      | Found an oddly glowing altar of Pakellas.
  6816 | D:7      | Found a shattered altar of Ashenzari.
  6817 | D:7      | Found an ancient bone altar of Kikubaaqudgha.
  6817 | D:7      | Found a shimmering altar of Xom.
  6911 | D:7      | Reached XP level 9. HP: 72/81 MP: 8/8
  7430 | D:8      | Got a crude halberd
  7431 | D:8      | Identified the cursed +3 halberd of Bodily Harmony {chop, rF+ Str+5} (You found it on level 8 of the Dungeon)
  7498 | D:8      | Reached skill level 1 in Polearms
  7518 | D:8      | Noticed Prince Ribbit
  7518 | D:8      | Noticed Erica
  7524 | D:8      | Killed Prince Ribbit
  7529 | D:8      | Killed Erica
  7806 | D:8      | Noticed Erolcha
  7816 | D:8      | Killed Erolcha
  7816 | D:8      | Reached skill level 5 in Polearms
  7816 | D:8      | Reached XP level 10. HP: 23/91 MP: 9/9
  8389 | D:8      | Found an oddly glowing altar of Pakellas.
  9683 | D:10     | Entered Level 10 of the Dungeon
  9721 | D:10     | Reached ***** piety under Trog
  9783 | D:10     | Noticed a five-headed hydra
  9795 | D:10     | HP: 5/138 [seven-headed hydra (10)]
  9797 | D:10     | HP: 1/138 [eight-headed hydra (4)]
  9798 | D:10     | Killed a nine-headed hydra
  9798 | D:10     | Reached skill level 1 in Unarmed Combat
  9806 | D:10     | HP: 1/93 [wolf (2)]
  9807 | D:10     | Slain by a troll

Skill      XL: |  1  2  3  4  5  6  7  8  9 10 |
---------------+-------------------------------+-----
Axes           | 4 5 6 7 8 |  8.3
Armour         | 3 5 6 7 9 |  9.7
Fighting       | 4 5 6 7 9 |  9.8
Dodging        | 3 4 5 6 7 8 |  8.6
Polearms       | 5 7 |  7.4
Unarmed Combat | 2 |  2.0

Action                   |  1- 3 |  4- 6 |  7- 9 | 10-12 || total
-------------------------+-------+-------+-------+-------++-------
Melee: Hand axe          |    51 |   149 |   317 |       ||   517
       Headbutt          |     7 |    23 |    88 |    13 ||   131
       Halberd           |       |       |    23 |    94 ||   117
       War axe           |       |       |     6 |       ||     6
 Fire: Shortbow          |       |       |       |     4 ||     4
Invok: Berserk           |     1 |     1 |     4 |     1 ||     7
       Burn Spellbooks   |       |       |     1 |     1 ||     2
  Use: Scroll            |       |       |       |    12 ||    12
  Eat: Chunk             |       |     5 |    21 |     7 ||    33
       Pizza             |       |       |     1 |       ||     1
Armor: Animal skin       |     3 |       |       |       ||     3
       Chain mail        |    22 |    66 |   167 |    38 ||   293
Dodge: Dodged            |    31 |    63 |   169 |    53 ||   316
